 Dungeon Crawl Stone Soup version 0.16.1-2-g95b8d4c (console) character file.

28 gw the Insei (level 3, 0/27 HPs)
             Began as a Human Transmuter on Mar 26, 2015.
             Slain by a worm (6 damage)
             ... on level 2 of the Dungeon.
             The game lasted 00:01:25 (1766 turns).

gw the Insei (Human Transmuter)                     Turns: 1766, Time: 00:01:25

Health: 0/27       AC:  2    Str: 10    XL:     3   Next: 27%
Magic:  4/5        EV: 12    Int: 14    God:
Gold:   28         SH:  0    Dex: 13    Spells: 2 memorised, 2 levels left

rFire  . . .     SeeInvis +       - Unarmed
rCold  . . .     Clarity  .     c - +0 robe
rNeg   . . .     SustAb   .     (no shield)
rPois  .         Gourm    .     (helmet restricted)
rElec  .         Spirit   .     (no cloak)
rCorr  .         Warding  .     (no gloves)
rMut   .         Stasis   .     (no boots)
MR     +....                    (no amulet)
Stlth  +.........               (no ring)
                                o - ring of see invisible

@: appendage, somewhat resistant to hostile enchantments, very unstealthy
A: horns 2, breathe flames 1, low mp 1, magic resistance 1
a: End Transformation, Breathe Fire


You were on level 2 of the Dungeon.
You were very hungry.
You had grown temporary horns.
You visited 1 branch of the dungeon, and saw 2 of its levels.

You collected 28 gold pieces.

Inventory:

Missiles
 b - 12 arrows
Armour
 c - a +0 robe (worn)
Jewellery
 o - a ring of see invisible (left hand)
Scrolls
 k - a scroll of noise
Potions
 l - a potion of cancellation
 n - a potion of might
Books
 d - a book of Changes

   Spells                             Type                      Level
   a - Beastly Appendage              Transmutation                1
   b - Sticks to Snakes               Transmutation                2
   c - Spider Form                    Transmutation/Poison         3
   d - Ice Form                       Ice/Transmutation            4
   e - Blade Hands                    Transmutation                5
Comestibles
 a - a bread ration
 m - a meat ration


   Skills:
 + Level 1.9 Fighting
 + Level 1.2 Armour
 - Level 2.0 Dodging
 + Level 3.2 Unarmed Combat
 + Level 2.1 Spellcasting
 + Level 2.1 Transmutations


You had 2 spell levels left.
You knew the following spells:

 Your Spells              Type           Power        Failure   Level  Hunger
a - Beastly Appendage     Trmt           #.....       12%         1    #......
b - Spider Form           Trmt/Pois      #.........   47%         3    ###....


Dungeon Overview and Level Annotations

Branches:
Dungeon (2/15)

Altars:


Innate Abilities, Weirdness & Mutations

You have a pair of horns on your head.
You can breathe flames.
Your magical capacity is low (-10% MP).
You are resistant to hostile enchantments.


Message History

ATTACKING (1,-1)
You hit the worm but do no damage.
The worm is heavily wounded.
Unknown command.
Unknown command.
Unknown command.
Unknown command.
ATTACKING (1,-1)
You barely miss the worm.
The worm is heavily wounded.
The worm bites you!
Unknown command.
Unknown command.
Unknown command.
Unknown command.
ATTACKING (1,-1)
You hit the worm.
The worm is severely wounded.
The worm bites you.
You die...

.........
....?.....
#....##...
#.......... ##
#.<........
#...##..........
#.K......#....
......##w.(## .
..##.#p).####..
$ ##.#(........
#..........#.
........#...####
..##..##...# #..
#..## #.(. ....
.... ..#.# ...
.#.#


You could see a worm.

Table legend:
 A = Turns spent in this place as a percentage of turns spent in the entire game.
 B = Non-inter-level travel turns spent in this place as a percentage of non-inter-level travel turns spent in the entire game.
 C = Inter-level travel turns spent in this place as a percentage of turns spent in this place.
 D = Turns resting spent in this place as a percentage of non-inter-level travel turns spent in this place.
 E = Turns spent auto-exploring this place as a percentage of non-inter-level travel turns spent in this place.
 F = Non-inter-level travel turns spent in this place divided by the number of levels of this place that you've seen.
                   A       B       C       D       E      F
               +-------+-------+-------+-------+-------+----------------------
         Total | 100.0 | 100.0 |   0.4 |   3.0 |   2.3 | 1016.5
       Dungeon | 100.0 | 100.0 |   0.4 |   3.0 |   2.3 | 1016.5
               +-------+-------+-------+-------+-------+----------------------

Table legend:
 A = Kills in this place as a percentage of kills in entire the game.
 B = Kills by you in this place as a percentage of kills by you in the entire game.
 C = Kills by friends in this place as a percentage of kills by friends in the entire game.
 D = Other kills in this place as a percentage of other kills in the entire game.
 E = Experience gained in this place as a percentage of experience gained in the entire game.
 F = Experience gained in this place divided by the number of levels of this place that you have seen.
                   A       B       C       D       E      F
               +-------+-------+-------+-------+-------+----------------------
         Total | 100.0 | 100.0 |  -nan |  -nan | 100.0 |  20.0
       Dungeon | 100.0 | 100.0 |  -nan |  -nan | 100.0 |  20.0
               +-------+-------+-------+-------+-------+----------------------

Vanquished Creatures
  An ooze (D:1)
  A bat (D:1)
  A giant cockroach (D:1)
  6 goblins (D:1)
  3 hobgoblins (D:1)
  4 jackals (D:1)
  3 kobolds
  2 giant newts (D:1)
  3 rats
24 creatures vanquished.

Notes
Turn   | Place    | Note
--------------------------------------------------------------
     0 | D:1      | gw, the Human Transmuter, began the quest for the Orb.
     0 | D:1      | Reached XP level 1. HP: 15/15 MP: 3/3
   237 | D:1      | Reached XP level 2. HP: 9/21 MP: 2/4
   965 | D:1      | Reached XP level 3. HP: 27/27 MP: 4/6
  1035 | D:1      | Learned a level 3 spell: Spider Form
  1138 | D:1      | Reached skill level 1 in Armour
  1603 | D:1      | Gained mutation: You can breathe flames. [potion of mutation]
  1603 | D:1      | Gained mutation: Your magical capacity is low (-10% MP). [potion of mutation]
  1603 | D:1      | Gained mutation: You are resistant to hostile enchantments. [potion of mutation]
  1766 | D:2      | Slain by a worm

Action                   || total
-------------------------++-------
Melee: Unarmed           ||    74
 Cast: Beastly Appendage ||    20
  Use: Scroll            ||     5
       Potion            ||     5
  Eat: Chunk             ||     2

Vault maps used:
D:1:      zelgadis_glass_arrival_small
D:2:      lemuel_round_altar, minmay_unequal, uniq_jessica
